 Dungeon Crawl Stone Soup version 0.31.0-12-g77e489cdc1 (webtiles) character file.

Game seed: 367975811377887858

19294 Ekaitz the Frost Mage (level 12, -10/91 HPs)
             Began as a Demonspawn Ice Elementalist on Feb 16, 2024.
             Was a Follower of Sif Muna.
             Killed by divine providence
             ... invoked by a meliai
              (13 damage)
             ... on level 13 of the Dungeon.
             The game lasted 00:41:30 (11965 turns).

Ekaitz the Frost Mage (DsIE)                       Turns: 11965, Time: 00:41:31

Health: -10/91     AC: 23    Str:  9    XL:     12   Next: 35%
Magic:  26/33      EV: 12    Int: 21    God:    Sif Muna [*.....]
Gold:   719        SH:  0    Dex: 13    Spells: 14/27 levels left

rFire   . . .        a - +3 short sword (speed)
rCold   . . .        (no shield)
rNeg    . . .        V - +0 troll leather armour
rPois   .            C - +2 hat
rElec   .            R - +2 cloak {rCorr}
rCorr   +            (no gloves)
SInv    .            v - +0 pair of boots
Will    .....        g - amulet of regeneration
Stlth   ++           e - +4 ring of protection
HPRegen 1.95/turn    O - ring of magical power
MPRegen 0.23/turn

%: no passive effects
@: ice-armoured, freezing walls
A: claws 1, slimy green scales 2, powered by death 1, spiny 2
a: Renounce Religion, Channel Magic


You were on level 13 of the Dungeon.
You worshipped Sif Muna.
Sif Muna was aware of your devotion.
You visited 2 branches of the dungeon, and saw 14 of its levels.

You collected 1097 gold pieces.
You spent 378 gold pieces at shops.

Inventory:

Hand Weapons
 a - a +3 short sword of speed (weapon)
 n - a +1 dagger of speed
 u - a +2 long sword
 K - a +1 spear of venom
 W - a +3 flail of protection
Missiles
 m - 31 poisoned darts
 x - 6 javelins
 N - 6 silver javelins
 Y - 4 atropa-tipped darts
Armour
 v - a +0 pair of boots (worn)
 y - a +0 ring mail of cold resistance
 A - a scarf of repulsion
 C - a +2 hat (worn)
 E - a +3 ring mail
 R - a +2 cloak of preservation (worn)
 T - a +1 robe of cold resistance
 V - a +0 troll leather armour (worn)
Magical Staves
 L - a staff of air
Jewellery
 e - a +4 ring of protection (left claw)
 g - an amulet of regeneration (around neck)
 w - an amulet of magic regeneration
 O - a ring of magical power (right claw)
 Q - a ring of ice
 U - a +4 ring of protection
Talismans
 f - a beast talisman
 h - a blade talisman
Wands
 i - a wand of acid (8)
 B - a wand of roots (12)
 D - a wand of flame (24)
 P - a wand of paralysis (19)
Scrolls
 c - 5 scrolls of teleportation
 o - 2 scrolls of enchant weapon
 p - 4 scrolls of amnesia
 s - a scroll of acquirement {unknown}
 t - 4 scrolls of fear
 F - 2 scrolls of enchant armour {unknown}
 G - 5 scrolls of blinking {unknown}
 H - 2 scrolls of poison {unknown}
 I - 3 scrolls of revelation {unknown}
 M - a scroll of torment
Potions
 b - a potion of magic
 d - 6 potions of mutation {unknown}
 j - a potion of ambrosia
 k - 4 potions of brilliance
 l - 3 potions of berserk rage {unknown}
 q - 6 potions of curing {unknown}
 r - a potion of enlightenment {unknown}
 z - 2 potions of cancellation {unknown}
 J - a potion of resistance {unknown}
 S - 2 potions of attraction {unknown}
 Z - a potion of haste


   Skills:
 * Level 7.3 Fighting
 + Level 3.4 Short Blades
 + Level 2.1 Armour
 + Level 3.4 Dodging
 + Level 4.1 Stealth
 + Level 8.0 Spellcasting
 * Level 4.6 Conjurations
 * Level 7.3 Summonings
 * Level 10.8 Ice Magic
 * Level 3.6 Air Magic
 * Level 5.0 Alchemy
 * Level 3.9 Invocations


You had 14 spell levels left.
You knew the following spells:

 Your Spells              Type           Power      Damage    Failure   Level
a - Freeze                Ice            100%       1d10      1%          1
b - Frozen Ramparts       Ice            100%       1d16      1%          3
c - Summon Ice Beast      Ice/Summ       46%        N/A       1%          3
d - Ozocubu's Armour      Ice            52%        N/A       1%          3
e - Mephitic Cloud        Conj/Alch/Air  27%        N/A       5%          3

Your spell library contained the following spells:

 Spells                   Type           Power      Damage    Failure   Level
 Shock                    Conj/Air       100%       1d9       1%          1
 Sting                    Conj/Alch      100%       1d9       1%          1
 Mercury Vapours          Alch/Air       52%        N/A       2%          2
 Kiss of Death            Conj/Necr      72%        2d10      4%          1
 Olgreb's Toxic Radiance  Alch           29%        N/A       14%         4
 Confusing Touch          Hex            8%         N/A       32%         3
 Fugue of the Fallen      Necr           8%         N/A       32%         3
 Iskenderun's Battlesphe  Conj           27%        2d8       41%         5
 Dispel Undead            Necr           8%         3d8       71%         4
 Manifold Assault         Tloc           8%         N/A       71%         4
 Bombard                  Conj/Erth      9%         9d2       99%         6
 Starburst                Conj/Fire      9%         6d5       99%         6
 Spellforged Servitor     Conj/Summ      16%        N/A       100%        7


Dungeon Overview and Level Annotations

Branches:
Dungeon (14/15)            Temple (1/1) D:6             Orc (0/2) D:10
   Lair: D:8-11      Vaults: D:13-14

Altars:
Ashenzari
Cheibriados
Dithmenos
Fedhas
Gozag
Hepliaklqana
Kikubaaqudgha
Makhleb
Nemelex Xobeh
Okawaru
Qazlal
Ru
Sif Muna
Trog
Uskayaw
Vehumet
Wu Jian
Xom
Yredelemnul

Shops:
D:2 [*(   D:3 *   D:8 =   D:10 [


Innate Abilities, Weirdness & Mutations

You have sharp fingernails.
You are mostly covered in slimy green scales. (AC +3)
You regenerate a little health from kills.
You are mostly covered in sharp spines.


Message History

You feel much better.
The wall freezes the meliai. x2
The wall freezes the meliai but does no damage. x2
The wall freezes the meliai.
The meliai calls upon its god to heal the meliai.
The meliai is healed somewhat.
The wall freezes the meliai.
The wall freezes the two-headed ogre!
The two-headed ogre is struck by your spines.
The two-headed ogre hits you with a +0 giant club.
The two-headed ogre hits you with a +0 giant club!
* * * LOW HITPOINT WARNING * * *
Unknown command.
Casting: Ozocubu's Armour (safe; 1% risk of failure)
Confirm with . or Enter, or press ? or * to list all spells.
Aiming: Freeze (safe; 1% risk of failure)
Press: ? - help, Shift-Dir - straight line, f - two-headed ogre
Aim: a two-headed ogre, wielding two +0 giant clubs (moderately wounded)
You freeze the two-headed ogre.
The two-headed ogre is heavily wounded.
The wall freezes the meliai.
The wall freezes the meliai but does no damage.
The wall freezes the meliai. x4
Unknown command.
Casting: Freeze (safe; 1% risk of failure)
Confirm with . or Enter, or press ? or * to list all spells.
Aiming: Freeze (safe; 1% risk of failure)
Press: ? - help, Shift-Dir - straight line, f/p - two-headed ogre
Aim: a two-headed ogre, wielding two +0 giant clubs (heavily wounded)
You freeze the two-headed ogre!
The two-headed ogre is heavily wounded.
The wall freezes the meliai. x2
You kill the meliai!
Sif Muna accepts your kill.
The wall freezes the meliai.
The wall freezes the two-headed ogre.
The two-headed ogre hits you with a +0 giant club!!
* * * LOW HITPOINT WARNING * * *
The two-headed ogre hits you but does no damage.
The wall freezes the meliai.
The meliai invokes the aid of its god against you.
Something smites you!
You die...

############ #^.
...........# #.#
###..#####.#####.#
#.......##.##....#
#.#..##.......##.#
.....#####.#####.#####.#
#.##.#####.# #.......#
..##>......# #.#######
.########### #@# .# #O#
.# #y# .# .y. .# #.# ..
#.# .# #.. .# ###


You could see a two-headed ogre and 2 meliai.

Vanquished Creatures
  Fannar (D:11)
  2 boulder beetles
  2 two-headed ogres (D:10)
  Lodul (D:11)
  A deep elf pyromancer (D:14)
  An ugly thing (D:14)
  A meliai (D:13)
  2 unseen horrors
  3 trolls
  A hornet (D:9)
  11 yaks
  A vampire (D:11)
  Eustachio (D:5)
  Grum (D:8)
  A wyvern (D:9)
  3 steam dragons
  Edmund (D:4)
  A water moccasin (D:5)
  An acid dragon (D:14)
  8 orc warriors
  2 sky beasts (D:7)
  3 centaurs
  A boggart (D:14)
  6 ogres
  2 wolves (D:8)
  A kobold brigand (D:8)
  A phantom (D:5)
  2 bullfrogs
  Blork the orc (D:4)
  A gnoll sergeant (D:6)
  3 scorpions (D:5)
  A wight (D:10)
  10 killer bees
  2 howler monkeys
  2 bombardier beetles
  3 jellies
  7 orc priests
  A gnoll bouda (D:10)
  Crazy Yiuf (D:4)
  5 hounds
  A sleepcap (D:6)
  An iguana (D:5)
  17 orc wizards
  Robin (D:4)
  4 adders (D:2)
  9 gnolls
  2 shadow imps
  2 white imps
  A ribbon worm (D:2)
  A dart slug (D:3)
  43 orcs
  7 endoplasms
  2 giant cockroaches (D:3)
  9 goblins
  5 hobgoblins
  6 kobolds
  3 quokkas (D:2)
  7 ball pythons
  4 bats
  3 frilled lizards (D:2)
  A rat (D:2)
228 creatures vanquished.

Vanquished Creatures (collateral kills)
  Gastronok (D:8)
  An ironbound frostheart (D:14)
  2 two-headed ogres
  A centaur warrior (D:14)
  A tengu warrior (D:11)
  Pikel (D:4)
  A cyclops (D:11)
  A manticore (D:11)
  A troll (D:11)
  Grinder (D:4)
  Menkaure (D:4)
  2 orc warriors
  A sky beast (D:8)
  An ice beast (D:6)
  3 ogres (D:11)
  An orc priest (D:6)
  A jelly (D:8)
  5 orcs
26 creatures vanquished.

Vanquished Creatures (others)
  An orc wizard (D:3)
  An orc (D:11)
2 creatures vanquished.

Grand Total: 256 creatures vanquished

Notes
Turn   | Place    | Note
-------+----------+-------------------------------------------
     0 | D:1      | Ekaitz the Demonspawn Ice Elementalist began the quest for
                  | the Orb.
     0 | D:1      | Reached XP level 1. HP: 13/13 MP: 3/3
   526 | D:1      | Gained mutation: You are partially covered in slimy green
                  | scales. (AC +2) [demonic ancestry]
   526 | D:1      | Reached XP level 2. HP: 20/20 MP: 3/5
   852 | D:2      | Found Ruwujije's Weapon Emporium.
   861 | D:2      | Reached skill level 4 in Ice Magic
   903 | D:2      | Found Qemod's Assorted Antiques.
   908 | D:2      | Bought a green potion for 21 gold pieces
   908 | D:2      | Bought a grey potion for 21 gold pieces
   908 | D:2      | Bought a scroll labelled TUCVETIZOM for 24 gold pieces
   908 | D:2      | Bought a murky inky potion for 21 gold pieces
   914 | D:2      | Found Kiar's Antique Armour Boutique.
  1134 | D:2      | Reached skill level 1 in Fighting
  1134 | D:2      | Reached XP level 3. HP: 26/26 MP: 1/6
  1138 | D:2      | Learned a level 3 spell: Frozen Ramparts
  1620 | D:2      | Reached XP level 4. HP: 32/32 MP: 5/7
  1624 | D:2      | Learned a level 3 spell: Summon Ice Beast
  1858 | D:3      | Reached skill level 1 in Summonings
  1987 | D:3      | Found Gozag's Platinum Reserve.
  2047 | D:3      | Reached XP level 5. HP: 36/37 MP: 2/8
  2674 | D:3      | Found an opulent altar of Gozag.
  2764 | D:4      | Noticed Grinder
  2765 | D:4      | Noticed Menkaure
  2805 | D:4      | Noticed an ogre
  2806 | D:4      | Noticed a lemure
  2806 | D:4      | Noticed a lemure
  2806 | D:4      | Noticed a lemure
  2806 | D:4      | Noticed Pikel
  2806 | D:4      | Noticed a lemure
  2807 | D:4      | Noticed Blork the orc
  2813 | D:4      | Killed an ogre
  2814 | D:4      | Gained mutation: You are partially covered in sharp spines.
                  | [demonic ancestry]
  2814 | D:4      | Reached XP level 6. HP: 20/44 MP: 0/10
  2817 | D:4      | Killed Blork the orc
  2818 | D:4      | Reached skill level 5 in Ice Magic
  2825 | D:4      | Killed Pikel
  2826 | D:4      | Reached skill level 1 in Short Blades
  2826 | D:4      | Reached XP level 7. HP: 23/51 MP: 1/13
  2856 | D:4      | Learned a level 3 spell: Ozocubu's Armour
  2925 | D:4      | Found a runed translucent door.
  2926 | D:4      | Noticed Crazy Yiuf
  2958 | D:4      | Noticed Robin
  2970 | D:4      | Killed Robin
  3048 | D:4      | Reached skill level 6 in Ice Magic
  3171 | D:5      | Entered Level 5 of the Dungeon
  3423 | D:5      | Found a bloodstained altar of Trog.
  3457 | D:5      | Gained mutation: You are mostly covered in slimy green
                  | scales. (AC +3) [demonic ancestry]
  3457 | D:5      | Reached XP level 8. HP: 53/57 MP: 10/14
  3663 | D:5      | Noticed Eustachio
  3680 | D:5      | Killed Eustachio
  3870 | D:5      | Noticed a two-headed ogre
  3968 | D:4      | Killed Grinder
  3969 | D:4      | Reached skill level 5 in Spellcasting
  3969 | D:4      | Reached skill level 7 in Ice Magic
  3969 | D:4      | Noticed Edmund
  3992 | D:4      | Killed Edmund
  4185 | D:4      | Killed Menkaure
  4554 | D:4      | Killed Crazy Yiuf
  4765 | D:5      | Gained mutation: You are mostly covered in sharp spines.
                  | [demonic ancestry]
  4765 | D:5      | Reached XP level 9. HP: 65/65 MP: 15/17
  5004 | D:5      | Killed a two-headed ogre
  5173 | D:6      | Reached skill level 8 in Ice Magic
  5328 | D:6      | Reached skill level 5 in Summonings
  5365 | D:6      | Found a blossoming altar of Fedhas.
  5513 | D:6      | Got the Lectures on the Barrage
  5693 | D:6      | Found a shimmering altar of Xom.
  5815 | D:6      | Found a staircase to the Ecumenical Temple.
  5841 | Temple   | Entered the Ecumenical Temple
  5930 | D:6      | Learned a level 3 spell: Mephitic Cloud
  6040 | D:7      | Reached skill level 5 in Fighting
  6183 | D:7      | Reached skill level 1 in Conjurations
  6461 | D:7      | Gained mutation: You have sharp fingernails. [demonic
                  | ancestry]
  6461 | D:7      | Reached XP level 10. HP: 74/74 MP: 19/19
  7006 | D:2      | Bought a runed cloak for 195 gold pieces
  7037 | D:2      | Bought a scroll labelled ULYOZOBLIC for 24 gold pieces
  7037 | D:2      | Bought 3 scrolls labelled SITO DOURESH for 72 gold pieces
  7117 | D:8      | Reached skill level 1 in Alchemy
  7117 | D:8      | Noticed Grum
  7127 | D:8      | Killed Grum
  7260 | D:8      | Noticed a boulder beetle
  7422 | D:8      | Noticed Gastronok
  7448 | D:8      | Found Ocrasuba's Jewellery Emporium.
  7856 | D:9      | Reached skill level 1 in Air Magic
  7897 | D:9      | Reached skill level 9 in Ice Magic
  8700 | D:10     | Entered Level 10 of the Dungeon
  8730 | D:10     | Noticed a two-headed ogre
  8743 | D:10     | Killed a two-headed ogre
  8848 | D:10     | Noticed an ogre mage
  8923 | D:10     | Noticed a cyclops
  8923 | D:10     | Noticed an ogre mage
  8923 | D:10     | Noticed a manticore
  8930 | D:10     | Found an ancient bone altar of Kikubaaqudgha.
  8931 | D:10     | Found a snail-covered altar of Cheibriados.
  8942 | D:10     | Reached XP level 11. HP: 77/81 MP: 20/21
  9109 | D:10     | Noticed a two-headed ogre
  9147 | D:10     | Noticed a purple ugly thing
  9154 | D:10     | Noticed a centaur warrior
  9209 | D:10     | Noticed a two-headed ogre
  9219 | D:10     | Killed a two-headed ogre
  9220 | D:10     | Reached skill level 1 in Armour
  9287 | D:10     | Killed a two-headed ogre
  9356 | D:10     | Found a stormy altar of Qazlal.
  9377 | D:10     | Reached skill level 10 in Ice Magic
  9401 | D:10     | Found a faded altar of an unknown god.
  9403 | D:10     | Found a faded altar of an unknown god.
  9405 | D:10     | Found a shimmering blue altar of Sif Muna.
  9410 | D:10     | Became a worshipper of Sif Muna the Loreminder
  9599 | D:10     | Found a hazy altar of Hepliaklqana.
  9704 | D:10     | Found a shadowy altar of Dithmenos.
  9817 | D:10     | Found Mwindo's Dragon-Slaying Spoils.
  9898 | D:10     | Found a staircase to the Orcish Mines.
 10078 | D:10     | Noticed an orc knight
 10250 | D:8      | Killed a boulder beetle
 10344 | D:8      | Killed Gastronok
 10345 | D:8      | Reached skill level 1 in Invocations
 10609 | D:11     | Noticed Lodul
 10781 | D:11     | Noticed a tengu warrior
 10915 | D:11     | Noticed a boulder beetle
 10917 | D:11     | Noticed Fannar
 10966 | D:11     | Killed a boulder beetle
 11016 | D:11     | HP: 4/84 [orc warrior/arrow (10)]
 11025 | D:11     | Killed Fannar
 11041 | D:11     | Reached * piety under Sif Muna
 11261 | D:11     | Killed a tengu warrior
 11262 | D:11     | Gained mutation: You regenerate a little health from kills.
                  | [demonic ancestry]
 11262 | D:11     | Reached XP level 12. HP: 91/91 MP: 5/23
 11267 | D:11     | Killed Lodul
 11656 | D:11     | You fall into a shaft and drop 3 floors!
 11798 | D:14     | Noticed a centaur warrior
 11805 | D:14     | Killed a centaur warrior
 11806 | D:14     | Noticed an ironbound frostheart
 11820 | D:14     | Noticed a vault guard
 11829 | D:14     | Killed an ironbound frostheart
 11830 | D:14     | Reached skill level 5 in Alchemy
 11955 | D:13     | Noticed a two-headed ogre
 11965 | D:13     | HP: 3/91 [two-headed ogre/+0 giant club (18)]
 11965 | D:13     | Killed from afar by a meliai

Illustrated notes

Levels and vault maps discovered:
D:1:      dpeg_arrival_rooms_c, layout_loops_ring
D:2:      layout_basic, serial_shops, shop, shop, nicolae_shop_rolling_square,
          minmay_pentomino_z4
D:3:      layout_basic, nicolae_gozag_zags_fifth_avenue
D:4:      layout_loops_cross, uniq_blork_the_orc, uniq_robin,
          uniq_crazy_yiuf_cottage, uniq_edmund, uniq_grinder, uniq_pikel,
          uniq_menkaure
D:5:      layout_basic, trog_book, hex_large, uniq_eustachio
D:6:      layout_rooms, regret_index_xom_buried_treasure,
          general_overflow_altar, minmay_temple_entry_drinking_statues
D:7:      layout_basic, chequers_arboretum
D:8:      layout_cave_pools, serial_shops, shop, uniq_gastronok, uniq_grum
D:9:      layout_small_grid
D:10:     layout_basic, nzn_hepliaklqana_mist_gate,
          chequers_temple_overflow_minitemple, grunt_dithmenos_smoke,
          jmf_multi_god_temple, nicolae_shop_dragon_depot, st_stairs_8,
          minivault_12
D:11:     minmay_weird_star, layout_basic, erik_lair_dragon,
          gauntlet_entry_generic, uniq_fannar, uniq_lodul
D:13:     layout_loops_cross, uniq_frances
D:14:     gammafunk_beogh_shrine, layout_basic, hellmonk_vaults_keyhole,
          nicolae_twisting_strands
Temple:   grunt_temple_mini_profane

Skill      XL: |  1  2  3  4  5  6  7  8  9 10 11 12 |
---------------+-------------------------------------+-----
Ice Magic      | 4 5 6 7 8 9 10 | 10.8
Stealth        | 2 3 4 |  4.1
Fighting       | 1 2 4 5 6 7 |  7.3
Summonings     | 1 2 3 4 5 6 7 |  7.3
Spellcasting   | 3 4 5 6 7 8 |  8.0
Short Blades   | 1 2 3 |  3.4
Dodging        | 2 3 |  3.4
Conjurations   | 1 2 4 |  4.6
Alchemy        | 2 4 5 |  5.0
Air Magic      | 2 3 |  3.6
Armour         | 1 2 |  2.1
Invocations    | 3 |  3.9

Action                     |  1- 3 |  4- 6 |  7- 9 | 10-12 || total
---------------------------+-------+-------+-------+-------++-------
  Melee: Dagger            |    34 |    39 |   107 |     8 ||   188
         Punch             |       |     1 |       |     6 ||     7
         Short sword       |       |       |       |   186 ||   186
   Cast: Freeze            |    40 |    26 |    55 |   102 ||   223
         Frozen Ramparts   |       |     4 |    19 |    35 ||    58
         Summon Ice Beast  |       |     1 |    13 |    25 ||    39
         Ozocubu's Armour  |       |       |    12 |    29 ||    41
         Mephitic Cloud    |       |       |       |    11 ||    11
  Evoke: Wand              |       |       |       |     1 ||     1
    Use: Scroll            |       |       |       |    13 ||    13
         Potion            |       |       |       |     2 ||     2
   Stab: Sleeping          |     5 |     2 |     9 |     3 ||    19
         Distracted        |       |     1 |     1 |     1 ||     3
         Confused          |       |       |       |     4 ||     4
 Armour: Robe              |    26 |    37 |    77 |    14 ||   154
         Troll leather arm |       |       |       |   234 ||   234
         Animal skin       |       |       |       |    21 ||    21
  Dodge: Dodged            |    44 |    37 |    64 |   156 ||   301
